 Dungeon Crawl Stone Soup version 0.28-a0-850-g09de17f5b5 (webtiles) character file.

Game seed: 138300639772873856

55 tatocazan the Skirmisher (level 3, 29/29 HPs)
             Began as a Demonspawn Fighter on Nov 13, 2021.
             Quit the game on level 2 of the Dungeon.
             The game lasted 00:01:55 (1711 turns).

tatocazan the Skirmisher (Demonspawn Fighter)       Turns: 1711, Time: 00:01:56

Health: 29/29      AC:  6    Str: 17    XL:     3   Next: 67%
Magic:  3/3        EV:  9    Int:  9    God:
Gold:   102        SH:  4    Dex: 12    Spells: 2/2 levels left

rFire   . . .      SeeInvis .   a - +0 war axe
rCold   . . .      Faith    .   c - +0 buckler
rNeg    . . .      Spirit   .   b - +0 scale mail
rPois   .          Reflect  .   (no helmet)
rElec   .          Harm     .   (no cloak)
rCorr   .          Rampage  .   (no gloves)
Will    .....                   (no boots)
Stlth   ..........              (no amulet)
HPRegen 0.09/turn               (no ring)
MPRegen 0.16/turn               (no ring)

@: no status effects
A: magic regeneration
a: no special abilities


You were on level 2 of the Dungeon.
You visited 1 branch of the dungeon, and saw 2 of its levels.

You collected 102 gold pieces.

Inventory:

Hand Weapons
 a - a +0 war axe (weapon)
Missiles
 g - 4 poisoned darts (quivered)
Armour
 b - a +0 scale mail (worn)
 c - a +0 buckler (worn)
Scrolls
 e - a scroll of blinking {unknown}
 f - 2 scrolls of identify {unknown}
 h - 3 scrolls of teleportation {unknown}
 i - a scroll of fear {unknown}
 j - a scroll of magic mapping {unknown}
Potions
 d - a potion of might


   Skills:
 + Level 3.4 Fighting
 + Level 2.4 Axes
 + Level 3.1 Armour
 + Level 3.1 Shields


You had 2 spell levels left.
You didn't know any spells.
Your spell library was empty.

Dungeon Overview and Level Annotations

Branches:
Dungeon (2/15)

Altars:
Ashenzari


Innate Abilities, Weirdness & Mutations

You regenerate magic rapidly.


Message History

No target in view!
No target in view!
No target in view!
No target in view!
No target in view!
No target in view!
No target in view!
No target in view!
No target in view!
No target in view!
No target in view!
No target in view!
No target in view!
No target in view!
HP restored.
Things that are here:
a +0 whip; 3 stones; a kobold corpse; Health restored: 29
j - a scroll labelled RAN DIOPNOGIHIGGO You see here 22 arrows.
Key pressed, stopping explore.
You now have 98 gold pieces (gained 11).
Key pressed, stopping explore.
Key pressed, stopping explore.
Things that are here:
a +0 dagger; a goblin skeleton You see here a bat skeleton.
Key pressed, stopping explore.
Key pressed, stopping explore.
You now have 102 gold pieces (gained 4).
You see here a +0 leather armour.
Key pressed, stopping explore.
Found a stone staircase leading down.
Key pressed, stopping explore.
Done exploring.
Done exploring.
Done exploring.
Done exploring.
There is an escape hatch in the floor here.
You slide downwards.
The hatch slams shut behind you.
Are you sure you want to abandon this character and quit the game? (Confirm with "yes".)

............'....................
............#########.####.......
.....#####.......................
.....# #.......................
##'### #.......................
##.# #............#..........
##.# #............#........(.
##.# #............#.......(..
##.# #......@.....#..........
...# ##############..........
#### #.......... # #.......... #
#...>...... # #.......... #
##########' # #. # #.


There were no monsters in sight!

Vanquished Creatures
  An adder (D:2)
  A worm (D:2)
  2 dart slugs (D:1)
  5 endoplasms
  2 giant cockroaches
  2 goblins
  6 hobgoblins (D:1)
  2 quokkas
  5 bats (D:1)
  2 frilled lizards
  4 kobolds
  2 rats
34 creatures vanquished.

Notes
Turn   | Place    | Note
-------+----------+-------------------------------------------
     0 | D:1      | tatocazan the Demonspawn Fighter began the quest for the
                  | Orb.
     0 | D:1      | Reached XP level 1. HP: 18/18 MP: 1/1
    32 | D:1      | Gained mutation: You regenerate magic rapidly. [demonic
                  | ancestry]
    32 | D:1      | Reached XP level 2. HP: 20/24 MP: 2/2
   376 | D:1      | You fall into a shaft and drop 1 floor!
   612 | D:2      | Found a broken altar of Ashenzari.
   641 | D:2      | Reached XP level 3. HP: 29/29 MP: 3/3
  1711 | D:2      | Quit the game

Illustrated notes

Levels and vault maps discovered:
D:1:      dpeg_arrival_fog, layout_rooms
D:2:      layout_basic, basic_altar

Skill      XL: |  1  2 |
---------------+-------+-----
Axes           | 2 |  2.4
Armour         | 3 |  3.1
Shields        | 3 |  3.1
Fighting       | |  3.4

Action                   || total
-------------------------++-------
Melee: War axe           ||    71
Armor: Scale mail        ||    28
Dodge: Dodged            ||    40
Block: Buckler           ||    18

Table legend: (Time is in decaauts)
 A = Elapsed time spent in this place.
 B = Non-inter-level travel time spent in this place.
 C = Inter-level travel time spent in this place.
 D = Time resting spent in this place.
 E = Time spent auto-exploring this place.
 F = Levels seen in this place.
 G = Mean time per level.
                   A        B        C        D        E       F      G
               +--------+--------+--------+--------+--------+-----+--------+
         Total |   1741 |   1720 |     21 |    366 |   1148 |   2 |  870.5 |
       Dungeon |   1741 |   1720 |     21 |    366 |   1148 |   2 |  870.5 |
               +--------+--------+--------+--------+--------+-----+--------+

Top non-repeatable levels by time:
     D:2: 1083 daAuts
     D:1: 657 daAuts
